 Dungeon Crawl Stone Soup version 0.23.0 (webtiles) character file.

Game seed: 7840449344161769027

6894 MalarOregon the Spear-Bearer (level 11, -4/81 HPs)
             Began as a Merfolk Summoner on Feb 15, 2019.
             Was a Priest of Dithmenos.
             Killed from afar by a steam dragon (15 damage)
             ... with a ball of steam
             ... on level 10 of the Dungeon on Feb 16, 2019.
             The game lasted 00:38:32 (11986 turns).

MalarOregon the Spear-Bearer (Merfolk Summoner)    Turns: 11986, Time: 00:38:32

Health: -4/81      AC:  5    Str:  8    XL:     11   Next: 6%
Magic:  2/18       EV: 16    Int: 21    God:    Dithmenos [***...]
Gold:   524        SH:  0    Dex: 15    Spells: 9/20 levels left

rFire    . . .     SeeInvis .   B - +4 halberd (freeze)
rCold    . . .     Gourm    .   (shield currently unavailable)
rNeg     . . .     Faith    .   x - +1 leather armour {MR+}
rPois    +         Spirit   .   D - +1 hat {Int+3}
rElec    .         Reflect  .   (no cloak)
rCorr    .         Harm     .   (no gloves)
MR       +....                  (no boots)
Stlth    ++........             (no amulet)
HPRegen  0.23/turn              m - ring of poison resistance
MPRegen  0.16/turn              (no ring)

@: very slightly contaminated, wreathed by umbra
A: change form in water, swift swim, stealthy swim
a: Shadow Step, Renounce Religion


You were on level 10 of the Dungeon.
You worshipped Dithmenos.
Dithmenos was most pleased with you.
You were hungry.

You visited 2 branches of the dungeon, and saw 11 of its levels.
You also visited: Sewer.

You collected 584 gold pieces.
You spent 60 gold pieces at shops.

Inventory:

Hand Weapons
 B - a +4 halberd of freezing (weapon)
   (You took it off a wight on level 6 of the Dungeon)
 E - a +2 scimitar of flaming
   (You took it off Erica on level 8 of the Dungeon)
Armour
 x - a +1 leather armour of magic resistance (worn)
   (You took it off Duvessa on level 6 of the Dungeon)
 D - a +1 hat of intelligence (worn)
   (You took it off Gastronok on level 8 of the Dungeon)
Jewellery
 a - an uncursed ring of resist corrosion {unknown}
   (You found it on level 7 of the Dungeon)
 g - the amulet of Uskayaw's Delight {Faith rC+ MP-9 Int+3}
   (You found it on level 6 of the Dungeon)

   [amulet of faith]

   It allows you to gain divine favour quickly.
   It affects your intelligence (+3).
   It protects you from cold.
   It affects your magic capacity (-9).
 h - an uncursed ring of fire
   (You found it on level 4 of the Dungeon)
 m - a ring of poison resistance (left hand)
   (You found it on level 2 of the Dungeon)
 p - an uncursed ring of wizardry {unknown}
   (You found it on level 7 of the Dungeon)
 z - an uncursed amulet of the acrobat {unknown}
   (You found it on level 6 of the Dungeon)
Wands
 d - a wand of iceblast (6)
   (You took it off Erica on level 8 of the Dungeon)
 t - a wand of flame (6)
   (You bought it in a shop on level 6 of the Dungeon)
 A - a wand of polymorph (1)
   (You took it off a centaur on level 6 of the Dungeon)
Scrolls
 i - a scroll of immolation {!r}
 l - 6 scrolls of remove curse {@r2}
 n - 2 scrolls of enchant armour
 s - 2 scrolls of identify {@r1}
 v - a scroll of teleportation {@r4}
 w - a scroll of fear
 F - a scroll of amnesia {unknown}
Potions
 b - 6 potions of curing {unknown}
 c - 5 potions of degeneration {unknown}
 j - a potion of agility {unknown}
 k - 5 potions of flight {unknown}
 o - 2 potions of haste {unknown}
 q - a potion of magic {unknown}
 r - a potion of mutation {unknown}
 u - a potion of ambrosia {unknown}
 y - 4 potions of heal wounds {unknown}
 C - a potion of might
Comestibles
 e - 18 rations {!d}


   Skills:
 + Level 6.3 Fighting
 - Level 11.0 Polearms
 - Level 8.0 Dodging
 - Level 2.1 Stealth
 - Level 5.0 Spellcasting
 + Level 8.7 Summonings
 - Level 5.0 Ice Magic
 - Level 5.1 Air Magic


You had 9 spell levels left.
You knew the following spells:

 Your Spells              Type           Power        Failure   Level  Hunger
a - Summon Small Mammal   Summ           ####         1%          1    None
d - Summon Ice Beast      Ice/Summ       ####....     9%          4    ####...
x - Call Imp              Summ           #####...     1%          2    None
z - Summon Lightning Spi  Summ/Air       ####....     9%          4    ####...

Your spell library contained the following spells:

 Spells                   Type           Power        Failure   Level  Hunger
 Call Canine Familiar     Summ           #####...     1%          3    ##.....
 Summon Guardian Golem    Hex/Summ       ###.....     8%          3    ##.....
 Ensorcelled Hibernation  Hex/Ice        ###...       9%          2    None
 Corona                   Hex            #......      16%         1    None
 Confuse                  Hex            #.......     43%         3    ##.....
 Dazzling Spray           Conj/Hex       #.....       43%         3    ##.....
 Tukima's Dance           Hex            #.......     43%         3    ##.....


Dungeon Overview and Level Annotations

Branches:
Dungeon (10/15)            Temple (1/1) D:5             Orc (0/2) D:9
   Lair: D:8-11

Altars:
Ashenzari
Cheibriados
Dithmenos
Elyvilon
Fedhas
Gozag
Hepliaklqana
Kikubaaqudgha
Makhleb
Nemelex Xobeh
Okawaru
Qazlal
Ru
Sif Muna
Trog
Uskayaw
Vehumet
Wu Jian
Xom
Yredelemnul
Zin
The Shining One

Shops:
D:6 }   D:9 [

Annotations:
D:9 2 runed translucent doors, Noname's ghost, novice FoAK


Message History

Aim: a black bear (severely wounded, umbra)
You reach to attack!
You catch the helpless black bear completely off-guard!
You hit the black bear. You freeze the black bear.
The black bear goes berserk!
Attack whom?
Aim: a black bear (almost dead, berserk, fast, unusually strong, umbra)
You reach to attack!
You slash the black bear! You freeze the black bear.
You kill the black bear!
Dithmenos accepts your kill.
Attack whom?
Aim: an orc warrior, wielding a +0 battleaxe and wearing a +0 plate armour (umbra)
You reach to attack!
You barely miss the orc warrior.
Attack whom?
Aim: an orc warrior, wielding a +0 battleaxe and wearing a +0 plate armour (umbra)
You slash the orc warrior! You freeze the orc warrior!
An orc comes into view. It is wielding a +0 flail.
An ogre comes into view. It is wielding a +0 giant club.
The orc warrior hits you with a +0 battleaxe!
* * * LOW HITPOINT WARNING * * *
The orc warrior hits your lightning spire but does no damage.
Your lightning spire shoots out a bolt of lightning at the orc warrior!
The bolt of electricity hits the orc warrior!
The orc warrior dies!
Dithmenos accepts your kill.
The bolt of electricity hits the bullfrog skeleton!
Dithmenos accepts your kill.
You feel a bit more experienced.
A beastly little devil appears in a puff of frigid air.
Your lightning spire shoots out a bolt of lightning at the bullfrog skeleton!
The bolt of electricity hits the bullfrog skeleton!
The bullfrog skeleton hits your lightning spire but does no damage.
The bullfrog skeleton hits your lightning spire but does no damage.
Your lightning spire shoots out a bolt of lightning at the bullfrog skeleton!
The bolt of electricity hits the bullfrog skeleton!
The bullfrog skeleton is destroyed!
Dithmenos accepts your kill.
The ogre hits your lightning spire with a +0 giant club.
The ogre hits your lightning spire with a +0 giant club!
You swap places.
Your lightning spire shoots out a bolt of lightning at the ogre!
The bolt of electricity hits the ogre!
The ogre dies!
Dithmenos accepts your kill.
You start resting.
Your lightning spire disappears in a puff of smoke!
A steam dragon comes into view.
The steam dragon hisses angrily.
The steam dragon breathes steam at you. The ball of steam hits you!
You die...

#####
#<..###
#.....#
#)..#.#
##@## ..
##§## #
#.5§###
#.....#
#...#)#
#####D#
#.#
#....8†)#
#.##...†#


You could see a friendly white imp.

Vanquished Creatures
  Gastronok (D:8)
  A hippogriff (D:8)
  2 yaks (D:9)
  A water moccasin (D:6)
  An orc warrior (D:4)
  A black bear (D:10)
  A slave (D:5)
  3 ogres
  2 centaurs
  A big kobold (Sewer)
  5 bullfrogs
  A gnoll sergeant (D:9)
  Dowan (D:6)
  3 scorpions
  4 killer bees
  4 wights
  A howler monkey (D:5)
  A bullfrog zombie (D:8)
  A jelly (D:7)
  3 orc wizards
  5 hounds
  3 orc priests
  3 iguanas
  5 worker ants
  A hound zombie (D:7)
  A hound skeleton (D:4)
  A worker ant zombie (D:7)
  8 adders
  3 gnolls (D:7)
  3 river rats
  2 shadow imps
  A worm (D:6)
  An adder skeleton (D:6)
  2 leopard geckos
  20 orcs
  7 bats
  6 giant cockroaches
  6 goblins
  4 hobgoblins
  2 jackals (Sewer)
  A quokka (D:6)
  A ball python (D:5)
  4 frilled lizards
  4 kobolds
  A quokka skeleton (D:5)
  7 rats
140 creatures vanquished.

Vanquished Creatures (collateral kills)
  Erica (D:8)
  Pikel (D:5)
  Prince Ribbit (D:5)
  Sigmund (D:3)
  A spriggan (D:9)
  2 yaks (D:9)
  2 hungry ghosts (D:9)
  Eustachio (D:4)
  A steam dragon (D:10)
  Duvessa (D:6)
  A phantom (D:4)
  A slave (D:5)
  3 orc warriors
  2 ice beasts
  3 ogres
  2 centaurs
  4 bullfrogs
  Blork the orc (D:4)
  2 scorpions
  4 killer bees
  8 wights
  A howler monkey (D:4)
  A crimson imp (D:8)
  2 bullfrog skeletons
  2 orc priests (D:4)
  A hound (D:4)
  A jelly (D:5)
  2 orc wizards
  3 worker ants
  A hound skeleton (D:6)
  A worker ant zombie (D:8)
  9 adders
  2 river rats (Sewer)
  An ooze (D:2)
  A worm (D:2)
  3 dart slugs
  4 leopard geckos
  20 orcs
  A bat (D:2)
  A giant cockroach (D:3)
  2 goblins (D:1)
  5 jackals (D:3)
  A quokka (D:6)
  2 frilled lizards (D:3)
  4 kobolds
  A quokka skeleton (D:3)
  2 rats (D:1)
117 creatures vanquished.

Vanquished Creatures (others)
  A slave (D:5)
  A killer bee (D:10)
2 creatures vanquished.

Grand Total: 259 creatures vanquished

Notes
Turn   | Place    | Note
-------+----------+-------------------------------------------
     0 | D:1      | MalarOregon the Merfolk Summoner began the quest for the
                  | Orb.
     0 | D:1      | Reached XP level 1. HP: 13/13 MP: 3/3
   234 | D:1      | Reached XP level 2. HP: 20/20 MP: 5/5
   306 | D:1      | Reached skill level 1 in Fighting
  1185 | D:1      | Reached XP level 3. HP: 26/26 MP: 6/6
  1394 | D:2      | Learned a level 2 spell: Call Imp
  1652 | D:2      | Reached XP level 4. HP: 26/33 MP: 7/7
  1778 | D:2      | Found a shadowy altar of Dithmenos.
  2559 | D:3      | Noticed Sigmund
  2600 | D:3      | Killed Sigmund
  2600 | D:3      | Reached XP level 5. HP: 26/39 MP: 0/9
  3895 | D:4      | Noticed an orc warrior
  3966 | D:4      | Killed an orc warrior
  3966 | D:4      | Reached skill level 5 in Summonings
  3966 | D:4      | Reached XP level 6. HP: 29/47 MP: 1/11
  4229 | D:4      | Noticed Eustachio
  4245 | D:4      | Killed Eustachio
  4245 | D:4      | Reached skill level 5 in Dodging
  4262 | D:4      | Noticed a phantom
  4450 | D:4      | Killed a phantom
  4450 | D:4      | Reached XP level 7. HP: 27/52 MP: 6/12
  4756 | D:4      | Found a snail-covered altar of Cheibriados.
  4760 | D:4      | Noticed Blork the orc
  4764 | D:4      | Found a burning altar of Makhleb.
  4773 | D:4      | Killed Blork the orc
  5352 | D:5      | Entered Level 5 of the Dungeon
  6118 | D:5      | Learned a level 4 spell: Summon Lightning Spire
  6123 | D:5      | Learned a level 4 spell: Summon Ice Beast
  6153 | D:5      | Noticed Pikel
  6201 | D:5      | Killed Pikel
  6201 | D:5      | Reached skill level 2 in Polearms
  6201 | D:5      | Reached skill level 1 in Ice Magic
  6201 | D:5      | Reached skill level 1 in Air Magic
  6201 | D:5      | Reached XP level 8. HP: 48/61 MP: 2/14
  6259 | D:5      | Noticed Prince Ribbit
  6519 | D:5      | Found a staircase to the Ecumenical Temple.
  6525 | Temple   | Entered the Ecumenical Temple
  6870 | D:2      | Became a worshipper of Dithmenos the Shadowed
  7253 | D:5      | Killed Prince Ribbit
  7563 | D:6      | Noticed Duvessa
  7596 | D:6      | Got a glittering platinum amulet
  7606 | D:6      | Found a glowing drain.
  7692 | Sewer    | Entered a sewer
  7701 | Sewer    | Reached skill level 5 in Fighting
  7704 | Sewer    | Reached skill level 3 in Polearms
  7849 | Sewer    | Found a white marble altar of Elyvilon.
  8177 | D:6      | Reached skill level 5 in Spellcasting
  8455 | D:6      | Reached skill level 4 in Polearms
  8457 | D:6      | Reached XP level 9. HP: 54/68 MP: 10/16
  8616 | D:6      | Noticed Dowan
  8674 | D:6      | Killed Duvessa
  8683 | D:6      | Killed Dowan
  8971 | D:6      | Identified the amulet of Uskayaw's Delight {Faith rC+ MP-9
                  | Int+3} (You found it on level 6 of the Dungeon)
  9019 | D:6      | Reached skill level 5 in Polearms
  9039 | D:6      | You fall through a shaft!
  9104 | D:6      | Found Inenawiasi's Gadget Boutique.
  9112 | D:6      | Bought a wand of flame (6) for 60 gold pieces
  9238 | D:6      | Found a sparkling altar of Nemelex Xobeh.
  9308 | D:7      | Reached * piety under Dithmenos
  9420 | D:7      | Reached skill level 6 in Polearms
  9591 | D:7      | Reached skill level 7 in Polearms
 10130 | D:8      | Reached skill level 8 in Polearms
 10134 | D:8      | Reached XP level 10. HP: 64/74 MP: 13/17
 10256 | D:8      | Reached ** piety under Dithmenos
 10465 | D:8      | Noticed Gastronok
 10470 | D:8      | Noticed Erica
 10501 | D:8      | Killed Gastronok
 10501 | D:8      | Reached skill level 9 in Polearms
 10506 | D:8      | Reached skill level 5 in Ice Magic
 10512 | D:8      | Killed Erica
 10512 | D:8      | Reached skill level 10 in Polearms
 10683 | D:8      | Found a sparkling altar of Nemelex Xobeh.
 10764 | D:9      | Found Zoycs's Antique Armour Shoppe.
 10806 | D:9      | Reached skill level 5 in Air Magic
 10921 | D:9      | Found a large runed translucent door.
 10922 | D:9      | Found a large runed translucent door.
 10926 | D:9      | Noticed Noname's ghost (novice FoAK)
 11087 | D:9      | Found a hide-covered altar of Uskayaw.
 11809 | D:9      | Reached XP level 11. HP: 65/81 MP: 13/18
 11865 | D:9      | Found a staircase to the Orcish Mines.
 11934 | D:10     | Entered Level 10 of the Dungeon
 11955 | D:10     | Reached *** piety under Dithmenos
 11963 | D:10     | Reached skill level 11 in Polearms
 11986 | D:10     | Killed from afar by a steam dragon

Skill      XL: |  1  2  3  4  5  6  7  8  9 10 11 |
---------------+----------------------------------+-----
Dodging        | 3 4 5 6 7 8 |  8.0
Fighting       | 1 2 3 4 5 6 |  6.3
Spellcasting   | 3 4 5 |  5.0
Summonings     | 5 6 8 |  8.7
Polearms       | 2 4 8 10 11 | 11.0
Ice Magic      | 1 2 3 5 |  5.0
Air Magic      | 1 2 3 5 |  5.1
Stealth        | |  2.1

Action                   |  1- 3 |  4- 6 |  7- 9 | 10-12 || total
-------------------------+-------+-------+-------+-------++-------
Melee: Dagger            |    93 |       |       |       ||    93
       Spear             |    22 |   110 |    21 |       ||   153
       Halberd           |       |       |   322 |   143 ||   465
       Tailslap          |       |       |     1 |       ||     1
 Cast: Summon Small Mamm |    21 |    12 |    33 |     1 ||    67
       Call Imp          |     6 |    34 |   107 |     6 ||   153
       Summon Ice Beast  |       |       |     1 |    16 ||    17
       Summon Lightning  |       |       |     1 |     9 ||    10
  Use: Scroll            |       |       |    11 |       ||    11
 Stab: Sleeping          |     2 |     7 |     6 |     1 ||    16
       Distracted        |       |     3 |     3 |     4 ||    10
  Eat: Chunk             |     3 |    11 |    15 |    10 ||    39
       Ration            |       |       |     2 |       ||     2
Armor: Robe              |    19 |    23 |    20 |       ||    62
       Leather armour    |       |       |    14 |     8 ||    22
Dodge: Dodged            |    83 |    90 |   247 |    79 ||   499
